 Dungeon Crawl Stone Soup version 0.28.0-45-g0d030f2227 (webtiles) character file.

Game seed: 1005106408761884649

94 KingTuna the Skirmisher (level 4, -1/41 HPs)
             Began as a Draconian Berserker on Apr 14, 2022.
             Was a Believer of Trog.
             Slain by an iron imp (3 damage)
             ... summoned by Natasha
             ... on level 2 of the Dungeon.
             The game lasted 00:22:06 (2123 turns).

KingTuna the Skirmisher (Draconian Berserker)       Turns: 2123, Time: 00:22:06

Health: -1/41      AC:  5    Str: 22    XL:     4   Next: 38%
Magic:  4/4        EV: 12    Int:  7    God:    Trog [**....]
Gold:   42         SH:  0    Dex: 10    Spells: 3/3 levels left

rFire   + . .      SeeInvis .   d - +0 flail
rCold   . . .      Faith    .   (no shield)
rNeg    . . .      Spirit   .   (armour unavailable)
rPois   .          Reflect  .   (helmet restricted)
rElec   .          Harm     .   (no cloak)
rCorr   .          Rampage  .   (no gloves)
Will    .....                   (no boots)
Stlth   +.........              (no amulet)
HPRegen 0.13/turn               k - ring of protection from fire
MPRegen 0.09/turn               (no ring)

@: confused
A: AC +5, unfitting armour, cold-blooded
a: Renounce Religion, Berserk, Trog's Hand


You were on level 2 of the Dungeon.
You worshipped Trog.
Trog was pleased with you.
You visited 1 branch of the dungeon, and saw 3 of its levels.

You collected 42 gold pieces.

Inventory:

Hand Weapons
 a - a +0 hand axe
 d - a +0 flail (weapon)
 f - a +0 whip
 i - a +0 club
 j - a +0 whip
 l - a +0 whip
 n - a +0 club
Missiles
 c - 43 arrows
 g - 76 stones (quivered)
Armour
 o - a +3 leather armour
 p - a +0 ring mail
Jewellery
 k - a ring of protection from fire (left hand)
Wands
 b - a wand of polymorph (3)


   Skills:
 + Level 4.3 Fighting
 + Level 3.6 Axes
 + Level 0.3 Throwing
 + Level 3.5 Dodging
 + Level 0.1 Stealth


You had 3 spell levels left.
You didn't know any spells.
Your spell library was empty.

Dungeon Overview and Level Annotations

Branches:
Dungeon (3/15)

Altars:

Portals:
Sewer: D:3

Annotations:
D:2 Natasha, Sigmund
D:3 Ijyb


Innate Abilities, Weirdness & Mutations

Your plain brown scales are hard. (AC +5)
You cannot fit into any form of body armour.
You are cold-blooded and may be slowed by cold attacks.


Message History

The bat barely misses you. x2; The bat hits you but does no damage.
Sigmund barely misses you.
Natasha mumbles some strange words.
You hit Sigmund.
Sigmund is lightly wounded.
The bat barely misses you. The bat hits you but does no damage. x2
Sigmund casts a spell at you.
You are confused.
You bump into the rock wall.
The bat hits you but does no damage. Sigmund hits you with a +0 scythe.
You closely miss Sigmund.
Sigmund is lightly wounded.
The bat misses you. The bat barely misses you. The bat misses you.
Sigmund casts a spell at you.
You are more confused.
You are too confused!
You hit Sigmund.
Sigmund is moderately wounded.
The bat misses you. The iron imp misses you.
Natasha mumbles some strange words.
You feel troubled. Sigmund closely misses you.
You barely miss the iron imp. The bat barely misses you.
Natasha mumbles some strange words.
The iron imp barely misses you. The bat hits you but does no damage.
The crimson imp summons a swarm of flies.
The crimson imp blinks!
Sigmund completely misses you.
You miss Sigmund. You tail-slap Sigmund.
Sigmund is heavily wounded.
The bat hits you but does no damage. x3; The iron imp hits you!
* * * LOW HITPOINT WARNING * * *
You miss Sigmund.
Sigmund is heavily wounded.
The bat hits you but does no damage. The bat misses you.
Sigmund hits you with a +0 scythe!
* * * LOW HITPOINT WARNING * * *
The iron imp completely misses you. The bat barely misses you.
You bump into the rock wall.
The bat closely misses you. x2
Sigmund misses you. The iron imp hits you.
You die...

.# #.#
####...###########
.# #.# #...# .#
#.# #...# .####.#
##.## ......#
###@# .######
#...# .# #.### .#
####.## (# #b@@..#
.# #5##.## .#
#h#### #. #5# #
#5# #.# ### #.#
#..... #.# #.#..
#.# #.#.#


You could see Sigmund, 2 iron imps, Natasha, a crimson imp (summoned) and a bat.

Vanquished Creatures
  Terence (D:2)
  A hound zombie (D:3)
  An adder skeleton (D:3)
  An adder zombie (D:3)
  A worm (D:3)
  A dart slug (D:1)
  An orc (D:3)
  4 ball pythons
  2 bats (D:2)
  4 endoplasms
  A goblin (D:1)
  4 hobgoblins (D:1)
  4 jackals (D:1)
  7 kobolds
  2 quokkas (D:1)
  4 frilled lizards
  4 rats
43 creatures vanquished.

Vanquished Creatures (others)
  A withered plant (D:3)
1 creature vanquished.

Grand Total: 44 creatures vanquished

Notes
Turn   | Place    | Note
-------+----------+-------------------------------------------
     0 | D:1      | KingTuna the Draconian Berserker began the quest for the
                  | Orb.
     0 | D:1      | Reached XP level 1. HP: 19/19 MP: 1/1
   102 | D:1      | Reached XP level 2. HP: 22/26 MP: 2/2
   334 | D:1      | Found a faded altar of an unknown god.
   491 | D:2      | Reached XP level 3. HP: 29/33 MP: 3/3
   576 | D:3      | Reached ** piety under Trog
   719 | D:3      | Noticed Ijyb
   725 | D:3      | Found a glowing drain.
  1654 | D:2      | Noticed Sigmund
  1767 | D:2      | Reached XP level 4. HP: 40/40 MP: 4/4
  1780 | D:2      | Noticed Terence
  2069 | D:2      | Killed Terence
  2070 | D:2      | Reached skill level 4 in Fighting
  2109 | D:2      | Noticed Natasha
  2122 | D:2      | HP: 2/41 [Sigmund/+0 scythe (10)]
  2123 | D:2      | Slain by an iron imp

Illustrated notes

Levels and vault maps discovered:
D:1:      sevenhm_arrival_forest_fort_small_4, layout_loops_ring,
          ebering_ecumenical_altar_sacrificial
D:2:      layout_loops_ring, minmay_pentomino_z2, uniq_terence, uniq_natasha,
          uniq_sigmund
D:3:      minmay_angry_zag, layout_rooms, serial_undead, serial_undead_d,
          serial_undead_d, serial_undead_f, serial_undead_e, serial_undead_e,
          cheibrodos_sewer_entry_bend, minmay_bisected, uniq_jessica, uniq_ijyb

Skill      XL: |  1  2  3  4 |
---------------+-------------+-----
Dodging        | 3 |  3.5
Fighting       | 4 |  4.3
Axes           | |  3.6
Throwing       | |  0.3
Stealth        | |  0.1

Action                   |  1- 3 |  4- 6 || total
-------------------------+-------+-------++-------
Melee: Hand axe          |   159 |    19 ||   178
       Tailslap          |    17 |     5 ||    22
       Punch             |     2 |     2 ||     4
       Flail             |       |    11 ||    11
       Unarmed           |       |     2 ||     2
Throw: Stone             |    15 |     1 ||    16
Invok: Berserk           |     1 |       ||     1
  Use: Scroll            |     4 |     3 ||     7
       Potion            |     3 |       ||     3
Armor: Skin              |    44 |    16 ||    60
Dodge: Dodged            |   114 |    41 ||   155
